 Dungeon Crawl Stone Soup version 0.31.0-11-ge490571c62 (webtiles) character file.

Game seed: 3876314491024888484

1486 gelatine the Chopper (level 8, -8/51 (59) HPs)
             Began as a Demonspawn Fighter on Jan 27, 2024.
             Was a Priest of Kikubaaqudgha.
             Mangled by Joseph
             ... wielding a +0 quarterstaff
              (14 damage)
             ... on level 7 of the Dungeon.
             The game lasted 00:22:14 (6773 turns).

gelatine the Chopper (Demonspawn Fighter)           Turns: 6773, Time: 00:22:16

HP:   -8/51 (59)    AC:  7    Str: 17    XL:     8   Next: 50%
MP:   12/12         EV: 12    Int: 10    God:    Kikubaaqudgha [***...]
Gold: 322           SH: 11    Dex: 13    Spells: 4/13 levels left

rFire   . . .        a - +1 war axe
rCold   . . .        c - +0 buckler
rNeg    . . .        m - +1 robe {Will+}
rPois   .            (no helmet)
rElec   .            q - +2 cloak
rCorr   .            (no gloves)
SInv    .            A - +0 pair of boots
Will    +....        (no amulet)
Stlth   +            (no ring)
HPRegen 0.28/turn    (no ring)
MPRegen 0.13/turn

%: no passive effects
@: heavily drained
A: large bone plates 2, demonic touch 2
a: Renounce Religion, Unearth Wretches


You were on level 7 of the Dungeon.
You worshipped Kikubaaqudgha.
Kikubaaqudgha was most pleased with you.
You visited 2 branches of the dungeon, and saw 8 of its levels.

You collected 350 gold pieces.
You spent 28 gold pieces at shops.

Inventory:

Hand Weapons
 a - a +1 war axe (weapon)
Armour
 c - a +0 buckler (worn)
 m - a +1 robe of willpower (worn)
 q - a +2 cloak (worn)
 A - a +0 pair of boots (worn)
Magical Staves
 j - a staff of cold
Jewellery
 i - a ring of fire
Wands
 k - a wand of roots (9)
 r - a wand of charming (9)
 w - a wand of flame (26)
Scrolls
 g - 4 scrolls of fear
 n - a scroll of poison {unknown}
 p - 3 scrolls of blinking {unknown}
 s - a scroll of vulnerability {unknown}
 t - a scroll of immolation {unknown}
 y - a scroll of teleportation {unknown}
Potions
 b - a potion of berserk rage
 d - 2 potions of might
 e - a potion of brilliance
 h - 4 potions of curing
 l - a potion of magic {unknown}
 o - 3 potions of enlightenment
 u - a potion of attraction {unknown}
 v - a potion of haste {unknown}
 x - a potion of heal wounds {unknown}
 z - a potion of mutation {unknown}


   Skills:
 + Level 3.6 Fighting
 * Level 5.9 Axes
 + Level 3.0 Throwing
 + Level 3.2 Armour
 * Level 2.7 Dodging
 + Level 0.4 Stealth
 + Level 3.7 Shields
 * Level 3.0 Spellcasting
 * Level 1.0 Conjurations
 * Level 3.6 Necromancy
 * Level 1.6 Alchemy


You had 4 spell levels left.
You knew the following spells:

 Your Spells              Type           Power      Damage    Failure   Level
a - Cigotuvi's Dreadful   Necr/Alch/Air  10%        N/A       26%         2
b - Kiss of Death         Conj/Necr      24%        2d7       14%         1
c - Sublimation of Blood  Necr           8%         N/A       12%         2
d - Animate Dead          Necr           8%         N/A       63%         4

Your spell library contained the following spells:

 Spells                   Type           Power      Damage    Failure   Level
 Summon Small Mammal      Summ           4%         N/A       34%         1
 Dispel Undead            Necr           8%         3d8       63%         4
 Call Canine Familiar     Summ           1%         N/A       71%         3
 Anguish                  Hex/Necr       2%         N/A       86%         4
 Martyr's Knell           Necr/Summ      5%         N/A       86%         4
 Summon Blazeheart Golem  Fire/Summ      1%         N/A       98%         4
 Curse of Agony           Necr           8%         N/A       92%         5


Dungeon Overview and Level Annotations

Branches:
Dungeon (7/15)             Temple (1/1) D:6

Altars:
Ashenzari
Cheibriados
Dithmenos
Fedhas
Gozag
Hepliaklqana
Kikubaaqudgha
Makhleb
Nemelex Xobeh
Okawaru
Ru
Sif Muna
Trog
Uskayaw
Vehumet
Wu Jian
Xom
Yredelemnul

Shops:
D:2 (*=:   D:4 ?

Annotations:
D:7 1 transporter, Jingleheimer's ghost, novice AtFi; Joseph


Innate Abilities, Weirdness & Mutations

You are mostly covered in large bone plates. (SH +6)
Your touch may inflict irresistible damage on your foes.


Message History

Something hits you but does no damage.
Unknown command.
You barely miss Joseph.
Joseph is lightly wounded.
You miss something. You block Joseph's attack. You block something's attack.
Joseph hits you with a +0 quarterstaff!
* * * LOW HITPOINT WARNING * * *
A magic dart appears from out of thin air!
The magic dart hits you but does no damage.
Joseph attacks as he pursues you! Joseph closely misses you.
You hit Joseph.
Joseph is lightly wounded.
You block Joseph's attack.
You hit Joseph.
Joseph is lightly wounded.
Joseph misses you.
You barely miss Joseph.
Joseph is lightly wounded.
You block Joseph's attack.
You barely miss Joseph.
Joseph is lightly wounded.
Joseph closely misses you.
You slash Joseph!
Joseph is moderately wounded.
Joseph shouts, "At last, some action!"
Joseph hits you but does no damage. Joseph hits you with a +0 quarterstaff!
* * * LOW HITPOINT WARNING * * *
You hit Joseph.
Joseph is moderately wounded.
You block Joseph's attack.
You closely miss Joseph.
Joseph is moderately wounded.
Joseph misses you.
You slash Joseph!
Joseph is heavily wounded.
Joseph hits you with a +0 quarterstaff.
* * * LOW HITPOINT WARNING * * *
Joseph hits you with a +0 quarterstaff!
You die...
Kikubaaqudgha rasps: "You have failed me!
Welcome... death!"

..##.........
.........
#..>.........
#........
###..########
#........ .....#
#........ ###.##
#........
....####
#.)......
##.....#
#){...... #.###.#
####@#### #.# #.#
#...†@..# #.#
#.#####.......#
#.#
#.....#.......#
#.#
#####...†._.....#
#.# ###.....†.#.#
#.# #...††..#.#
#.# #...†...# #
#.# ####.#### #.#
...


You could see Joseph.

Vanquished Creatures
  Sigmund (D:3)
  A water moccasin (D:5)
  An ice beast (D:6)
  2 bullfrogs (D:7)
  Blork the orc (D:5)
  2 scorpions (D:6)
  4 killer bees (D:5)
  A hound (D:4)
  A jelly (D:4)
  3 bombardier beetles
  Crazy Yiuf (D:3)
  Jessica (D:2)
  6 iguanas
  An orc wizard (D:7)
  2 sleepcaps
  Terence (D:3)
  8 adders
  A white imp (D:5)
  2 ufetubi (D:6)
  2 dart slugs
  A ribbon worm (D:2)
  5 orcs
  2 endoplasms
  3 giant cockroaches
  12 goblins
  12 hobgoblins
  3 jackals (D:3)
  6 quokkas
  14 ball pythons
  3 bats
  6 frilled lizards
  6 kobolds
  5 rats
120 creatures vanquished.

Notes
Turn   | Place    | Note
-------+----------+-------------------------------------------
     0 | D:1      | gelatine the Demonspawn Fighter began the quest for the
                  | Orb.
     0 | D:1      | Reached XP level 1. HP: 18/18 MP: 1/1
   141 | D:1      | Found a faded altar of an unknown god.
   166 | D:1      | Prayed at the altar of an unknown god.
   166 | D:1      | Became a worshipper of Kikubaaqudgha
   166 | D:1      | Reached * piety under Kikubaaqudgha
   166 | D:1      | Received a gift from Kikubaaqudgha
   238 | D:1      | Gained mutation: You are partially covered in large bone
                  | plates. (SH +4) [demonic ancestry]
   238 | D:1      | Reached XP level 2. HP: 22/24 MP: 2/2
   378 | D:1      | Reached skill level 2 in Axes
   904 | D:2      | Reached ** piety under Kikubaaqudgha
   905 | D:2      | Reached XP level 3. HP: 21/29 MP: 3/3
  1075 | D:2      | Found Yxkatoitu's General Store.
  1119 | D:2      | Found Miyg's Weapon Shop.
  1142 | D:2      | Found an ornate altar of the Wu Jian Council.
  1333 | D:2      | Noticed Jessica
  1341 | D:2      | Killed Jessica
  1342 | D:2      | Reached skill level 1 in Spellcasting
  1342 | D:2      | Reached skill level 1 in Necromancy
  1342 | D:2      | Reached XP level 4. HP: 26/35 MP: 5/5
  1345 | D:2      | Reached skill level 1 in Dodging
  1435 | D:2      | Found Appi's Jewellery Emporium.
  1453 | D:2      | Found Xoim's Book Boutique.
  1541 | D:3      | You fall into a shaft and drop 3 floors!
  1563 | D:5      | Entered Level 5 of the Dungeon
  1669 | D:5      | Reached skill level 3 in Axes
  1795 | D:4      | Found Kohaov's Magic Scroll Boutique.
  1816 | D:4      | Reached XP level 5. HP: 18/41 MP: 6/6
  2045 | D:3      | Noticed Terence
  2060 | D:3      | Killed Terence
  2379 | D:3      | Found a bloodstained altar of Trog.
  2548 | D:3      | Noticed Sigmund
  2764 | D:3      | Killed Sigmund
  2765 | D:3      | Reached skill level 4 in Axes
  2765 | D:3      | Gained mutation: You are mostly covered in large bone
                  | plates. (SH +6) [demonic ancestry]
  2765 | D:3      | Reached XP level 6. HP: 40/47 MP: 8/8
  2907 | D:3      | Found a runed translucent door.
  2908 | D:3      | Noticed Crazy Yiuf
  2924 | D:3      | Killed Crazy Yiuf
  3140 | D:4      | Bought a scroll of identify for 28 gold pieces
  3168 | D:4      | Learned a level 2 spell: Cigotuvi's Dreadful Rot
  3836 | D:4      | Reached *** piety under Kikubaaqudgha
  3836 | D:4      | Received a gift from Kikubaaqudgha
  4507 | D:5      | Gained mutation: Your touch may inflict minor irresistible
                  | damage on your foes. [demonic ancestry]
  4507 | D:5      | Reached XP level 7. HP: 46/48 MP: 9/9
  4540 | D:5      | Noticed Blork the orc
  4546 | D:5      | Killed Blork the orc
  4636 | D:5      | Learned a level 1 spell: Kiss of Death
  4718 | D:5      | Reached skill level 1 in Throwing
  4724 | D:5      | Reached skill level 5 in Axes
  5563 | D:6      | Gained mutation: Your touch may inflict irresistible damage
                  | on your foes. [demonic ancestry]
  5563 | D:6      | Reached XP level 8. HP: 39/47 MP: 7/12
  5620 | D:6      | Found a staircase to the Ecumenical Temple.
  5636 | Temple   | Entered the Ecumenical Temple
  5720 | D:6      | Reached skill level 1 in Alchemy
  5781 | D:6      | Identified the +0 spear "Iqegrebu" {freeze, rF+}
  6154 | D:6      | Found a radiant altar of Vehumet.
  6433 | D:6      | Found an ornate altar of the Wu Jian Council.
  6433 | D:6      | Found an iron altar of Okawaru.
  6435 | D:6      | Found a shimmering altar of Xom.
  6592 | D:7      | Noticed Jingleheimer's ghost (novice AtFi)
  6601 | D:7      | Noticed a moth of wrath
  6608 | D:7      | Found a transporter.
  6691 | D:7      | Learned a level 2 spell: Sublimation of Blood
  6696 | D:7      | Learned a level 4 spell: Animate Dead
  6733 | D:7      | Found a hide-covered altar of Uskayaw.
  6741 | D:7      | Noticed Joseph
  6759 | D:7      | Reached skill level 1 in Conjurations
  6773 | D:7      | Mangled by Joseph

Illustrated notes

Levels and vault maps discovered:
D:1:      dpeg_arrival_oval, layout_loops_ring,
          hellmonk_ecumenical_altar_pennies_from_heaven
D:2:      layout_rooms, basic_altar, serial_shops, shop,
          nicolae_shop_just_a_little_nook, nicolae_shop_behind_doors, shop,
          uniq_jessica
D:3:      layout_loops_ring, trog_hazing_becter, uniq_sigmund,
          uniq_crazy_yiuf_cottage, uniq_terence
D:4:      layout_basic, serial_shops, shop, grunt_decor_arrowhead,
          nicolae_hexahallways
D:5:      layout_basic, serial_bayou, serial_bayou_crossing,
          serial_bayou_pond_d, serial_bayou_ford_a, serial_bayou_pond_e,
          serial_bayou_lake_a, serial_bayou_pond_a, uniq_blork_the_orc
D:6:      minmay_spotlight, layout_cave_pools, minitemple,
          minmay_temple_entry_stoned_glass, serial_rivers,
          chequers_serial_rivers_micro_a, chequers_serial_rivers_micro_c,
          chequers_serial_rivers_micro_a, chequers_serial_rivers_marsh,
          chequers_serial_rivers_room_a, chequers_serial_rivers_micro_a,
          serial_library_hellmonk_room_b
D:7:      layout_basic, kennysheep_little_box,
          nicolae_uskayaw_murder_on_the_dancefloor,
          gammafunk_ghost_berserking_beasts, uniq_joseph, uniq_jeremiah
Temple:   regret_index_temple_waves

Skill      XL: |  1  2  3  4  5  6  7  8 |
---------------+-------------------------+-----
Axes           | 2 3 4 5 |  5.9
Shields        | 3 |  3.7
Spellcasting   | 1 2 3 |  3.0
Necromancy     | 1 2 3 |  3.6
Dodging        | 1 2 |  2.7
Armour         | 3 |  3.2
Throwing       | 2 3 |  3.0
Alchemy        | 1 |  1.6
Conjurations   | 1 |  1.0
Fighting       | |  3.6
Stealth        | |  0.4

Action                     |  1- 3 |  4- 6 |  7- 9 || total
---------------------------+-------+-------+-------++-------
  Melee: War axe           |   112 |   174 |   118 ||   404
  Throw: Dart              |       |    37 |    59 ||    96
   Cast: Cigotuvi's Dreadf |       |     4 |     5 ||     9
         Kiss of Death     |       |       |     5 ||     5
    Use: Potion            |     2 |     2 |     1 ||     5
         Scroll            |       |     7 |     1 ||     8
 Armour: Scale mail        |    74 |       |       ||    74
         Leather armour    |    26 |   101 |       ||   127
         Skin              |     2 |       |       ||     2
         Robe              |       |       |    79 ||    79
  Dodge: Dodged            |    46 |    93 |    69 ||   208
  Block: Buckler           |    57 |   113 |   104 ||   274
